 Dungeon Crawl Stone Soup version 0.29-a0-824-gd827844252 (webtiles) character file.

Game seed: 6471707258249137447

720134 Zonian the Slayer (level 27, 0/231 HPs)
             Began as a Demonspawn Ice Elementalist on July 7, 2022.
             Was the Champion of Cheibriados.
             Slain by a demonspawn warmonger
             ... wielding a +4 glaive of flaming
              (17 damage)
             ... in Pandemonium on July 10, 2022.
             The game lasted 09:04:44 (132597 turns).

Zonian the Slayer (Demonspawn Ice Elementalist)   Turns: 132597, Time: 09:05:12

Health: 0/231      AC: 30    Str: 36    XL:     27
Magic:  45/45      EV: 27    Int: 37    God:    Cheibriados [******]
Gold:   2121       SH: 21    Dex: 27    Spells: 3/62 levels left

rFire   . . .      SeeInvis +   r - +9 rapier (drain)
rCold   + . .      Faith    .   F - +5 kite shield of Pandemonium {+Blink}
rNeg    + . .      Spirit   .   L - +6 scale mail {rPois}
rPois   +          Reflect  .   I - +3 crown of Dyrovepreva {rElec Int+2 SInv}
rElec   +          Harm     .   q - +2 cloak {rCorr}
rCorr   +          Rampage  .   R - +3 pair of gauntlets of War {Slay+5}
Will    +++..                   (boots unavailable)
Stlth   ++........              c - amulet of magic regeneration
HPRegen 0.48/turn               P - ring of the Hare {EV+8}
MPRegen 0.69/turn               j - ring of Ecuezem {rN+ Int+6 Dex-4 Slay+6 SInv}

@: mighty, magic-sapped, studying Conjurations, very slow
A: hooves 3, icy blue scales 3, hurl damnation, ignite blood 3, powered by pain
3, torment resistance 1, demonic willpower, horns 1, clumsy 1, dopey 1, shaggy
fur 1, strong 1
}: 5/15 runes: decaying, slimy, silver, demonic, gossamer
a: Hurl Damnation, Renounce Religion, Evoke Blink, Bend Time, Temporal
Distortion, Slouch, Step From Time


You were in Pandemonium.
You worshipped Cheibriados.
Cheibriados was exalted by your worship.
You visited 12 branches of the dungeon, and saw 55 of its levels.
You visited Pandemonium 1 time, and saw 4 of its levels.
You visited the Abyss 1 time.
You visited 1 ziggurat, and saw 10 of its levels.
You also visited: Bailey.

You collected 9584 gold pieces.
You spent 7463 gold pieces at shops.

Inventory:

Hand Weapons
 m - a +9 sling of electrocution
 r - a +9 rapier of draining (weapon)
 K - the +7 lajatang of Order {silver, rMut}
   (You took it off a frost giant on level 1 of the Depths)

   It inflicts extra damage upon those it strikes, and deals substantially
   increased damage to chaotic, mutated and magically transformed beings.
   rMut:      It protects you from mutation.
 M - the +10 glaive "Hyinur" {spect, Str+5 Int+3}
   (You found it on level 3 of the Crypt)

   When its wielder attacks, the weapon's spirit leaps out and strikes again.
   The spirit shares a part of any damage it takes with its wielder.
   Str:       It affects your strength (+5).
   Int:       It affects your intelligence (+3).
Missiles
 x - 5 boomerangs of dispersal
 Z - 10 javelins
Armour
 q - a +2 cloak of preservation (worn)
 v - a scarf of repulsion
 y - the +1 plate armour of Vodghu {Dex+3 Slay+3}
   (You found it on level 2 of the Spider Nest)

   Dex:       It affects your dexterity (+3).
   Slay:      It affects your accuracy & damage with ranged weapons and melee
   (+3).
 F - the +5 kite shield of Pandemonium (worn) {+Blink}
   (You took it off a gnoll on level 7 of the Dungeon)

   +Blink:    It lets you blink.
 I - the +3 crown of Dyrovepreva (worn) {rElec Int+2 SInv}
   (You found it in a bailey)

   Int:       It affects your intelligence (+2).
   rElec:     It insulates you from electricity.
   SInv:      It lets you see invisible.
 L - a +6 scale mail of poison resistance (worn)
 R - the +3 pair of gauntlets of War (worn) {Slay+5}
   (You acquired it on level 5 of the Pits of Slime)

   Slay:      It affects your accuracy & damage with ranged weapons and melee
   (+5).
Jewellery
 c - an amulet of magic regeneration (around neck)
 d - an amulet of guardian spirit
 h - the ring "Zucor" {rF++ rC+ rCorr}
   (You found it on level 6 of a ziggurat)

   [ring of resist corrosion]

   rF:        It greatly protects you from fire.
   rC:        It protects you from cold.
   rCorr:     It protects you from acid and corrosion.
 j - the ring of Ecuezem (right hand) {rN+ Int+6 Dex-4 Slay+6 SInv}
   (You found it on level 6 of the Lair of Beasts)

   [ring of positive energy]

   Int:       It affects your intelligence (+6).
   Dex:       It affects your dexterity (-4).
   Slay:      It affects your accuracy & damage with ranged weapons and melee
   (+6).
   rN:        It protects you from negative energy.
   SInv:      It lets you see invisible.
 t - a ring of willpower
 D - a ring of magical power
 E - the ring "Jirrem" {Ice rPois Str+3}
   (You found it on level 5 of the Lair of Beasts)

   [ring of ice]

   It enhances your ice magic.
   Str:       It affects your strength (+3).
   rF:        It makes you vulnerable to fire.
   rC:        It protects you from cold.
   rPois:     It protects you from poison.
 O - the ring of Ofaom {Fly rPois rN+ Int+2 Stlth+}
   (You acquired it on level 10 of the Dungeon)

   [ring of poison resistance]

   Int:       It affects your intelligence (+2).
   rPois:     It protects you from poison.
   rN:        It protects you from negative energy.
   Fly:       It grants you flight.
   Stlth:     It makes you more stealthy.
 P - the ring of the Hare (left hand) {EV+8}
   (You found it on level 1 of the Depths)

   [ring of evasion]

   EV:        It affects your evasion (+8).
 Q - the ring "Uxibb" {Fire Fly rCorr Dex-2}
   (You found it on level 4 of the Lair of Beasts)

   [ring of fire]

   It enhances your fire magic.
   Dex:       It affects your dexterity (-2).
   rF:        It protects you from fire.
   rC:        It makes you vulnerable to cold.
   Fly:       It grants you flight.
   rCorr:     It protects you from acid and corrosion.
 W - a ring of positive energy
 X - an amulet of faith
Wands
 l - a wand of acid (1)
 s - a wand of iceblast (6)
 U - a wand of mindburst (31)
Scrolls
 f - 4 scrolls of fog
 k - a scroll of summoning
 p - 6 scrolls of magic mapping
 w - 11 scrolls of poison
 B - 5 scrolls of silence
 S - 9 scrolls of fear
 V - a scroll of enchant armour
 Y - 21 scrolls of teleportation
Potions
 b - 2 potions of ambrosia
 e - 6 potions of berserk rage
 g - 5 potions of brilliance
 i - a potion of heal wounds
 o - 4 potions of cancellation
 u - 3 potions of magic
 C - 6 potions of curing
 G - 2 potions of resistance
 J - 4 potions of invisibility
 N - 5 potions of might
Miscellaneous
 a - a box of beasts
 n - a lightning rod (4/4)
 z - a phantom mirror
 A - the horn of Geryon (inert)
 H - a tin of tremorstones (2/2)
 T - a condenser vane


   Skills:
 + Level 22.2 Fighting
 - Level 14.0 Short Blades
 - Level 2.8(5.4) Maces & Flails
 - Level 17.4(18.0) Polearms
 - Level 7.3(13.6) Staves
 - Level 14.0 Ranged Weapons
 - Level 10.7 Armour
 - Level 10.0 Dodging
 - Level 5.5 Stealth
 - Level 15.0 Shields
 - Level 18.0 Spellcasting
 - Level 15.0 Conjurations
 - Level 10.0 Hexes
 - Level 10.0 Necromancy
 - Level 6.0 Translocations
 - Level 10.0 Ice Magic
 - Level 10.9 Air Magic
 - Level 10.0 Earth Magic
 - Level 5.0 Poison Magic
 - Level 21.0 Invocations
 - Level 10.0 Evocations


You had 3 spell levels left.
You knew the following spells:

 Your Spells              Type           Power      Damage    Failure   Level
a - Freeze                Ice            100%       1d11      1%          1
b - Frozen Ramparts       Ice            100%       1d12      1%          3
c - Ozocubu's Armour      Ice            82%        N/A       1%          3
d - Ensorcelled Hibernat  Hex/Ice        100%       N/A       1%          2
e - Hailstorm             Conj/Ice       90%        3d18      1%          4
f - Iskenderun's Mystic   Conj/Tloc      84%        2d17      1%          4
g - Tukima's Dance        Hex            82%        N/A       1%          3
h - Airstrike             Air            42%        0-14+     1%          4
i - Lightning Bolt        Conj/Air       46%        1d66      1%          5
j - Mephitic Cloud        Conj/Pois/Air  83%        N/A       1%          3
k - Freezing Cloud        Conj/Ice/Air   44%        6-21      1%          5
l - Dispel Undead         Necr           82%        3d27      1%          4
m - Metabolic Englaciati  Hex/Ice        41%        N/A       1%          5
n - Vampiric Draining     Necr           82%        2d11      1%          3
o - Anguish               Hex/Necr       41%        N/A       1%          4
p - Iron Shot             Conj/Erth      45%        9d9       2%          6

Your spell library contained the following spells:

 Spells                   Type           Power      Damage    Failure   Level
 Magic Dart               Conj           100%       1d8       0%          1
 Shock                    Conj/Air       100%       1d9       0%          1
 Searing Ray              Conj           100%       2d8       0%          2
 Apportation              Tloc           100%       N/A       1%          1
 Foxfire                  Conj/Fire      100%       2x1d9     1%          1
 Necrotise                Necr           100%       1d9       1%          1
 Slow                     Hex            100%       N/A       1%          1
 Sting                    Tmut/Pois      100%       1d8       1%          1
 Passwall                 Tmut/Erth      52%        N/A       1%          2
 Poisonous Vapours        Pois/Air       100%       N/A       1%          2
 Static Discharge         Conj/Air       92%        3-15/arc  1%          2
 Sublimation of Blood     Necr           82%        N/A       1%          2
 Confusing Touch          Hex            82%        N/A       1%          3
 Conjure Flame            Conj/Fire      73%        6-21      1%          3
 Dazzling Flash           Conj/Hex       100%       N/A       1%          3
 Gell's Gravitas          Tloc           67%        N/A       1%          3
 Inner Flame              Hex/Fire       63%        N/A       1%          3
 Lesser Beckoning         Tloc           67%        N/A       1%          3
 Portal Projectile        Hex/Tloc       100%       N/A       1%          3
 Stone Arrow              Conj/Erth      100%       3d13      1%          3
 Summon Guardian Golem    Hex/Summ       63%        N/A       1%          3
 Swiftness                Air            85%        N/A       1%          3
 Teleport Other           Tloc           67%        N/A       1%          3
 Beastly Appendage        Tmut           66%        N/A       2%          1
 Summon Small Mammal      Summ           100%       N/A       2%          1
 Spider Form              Tmut/Pois      51%        N/A       3%          3
 Wereblood                Tmut           33%        N/A       4%          2
 Ignite Poison            Fire/Tmut/Pois 45%        N/A       4%          3
 Call Canine Familiar     Summ           33%        N/A       9%          3
 Cause Fear               Hex            41%        N/A       1%          4
 Flame Wave               Conj/Fire      73%        2d13      1%          4
 Fulminant Prism          Conj/Hex       45%        3d21      1%          4
 Leda's Liquefaction      Hex/Erth       41%        N/A       1%          4
 Sticky Flame             Conj/Fire      73%        2d9       1%          4
 Iskenderun's Battlesphe  Conj           97%        2d14      1%          5
 Lee's Rapid Deconstruct  Erth           41%        3d21*     1%          5
 Conjure Ball Lightning   Conj/Air       46%        3x3d16    1%          6
 Animate Armour           Summ/Erth      100%       N/A       3%          4
 Olgreb's Toxic Radiance  Pois           63%        N/A       3%          4
 Petrify                  Tmut/Erth      63%        N/A       3%          4
 Summon Lightning Spire   Summ/Air       65%        N/A       3%          4
 Fireball                 Conj/Fire      36%        3d15      3%          5
 Irradiate                Conj/Tmut      36%        3d25      3%          5
 Orb of Destruction       Conj           48%        9d13      4%          7
 Simulacrum               Ice/Necr       41%        N/A       7%          6
 Yara's Violent Unravell  Hex/Tmut       31%        3d13      10%         5
 Starburst                Conj/Fire      36%        6d11      19%         6
 Dispersal                Tloc           33%        N/A       34%         6
 Enfeeble                 Hex            41%        N/A       36%         7
 Statue Form              Tmut/Erth      42%        N/A       47%         6
 Blade Hands              Tmut           16%        N/A       58%         5
 Lehudib's Crystal Spear  Conj/Erth      45%        10d11     71%         8
 Eringya's Noxious Bog    Tmut/Pois      25%        N/A       83%         6
 Maxwell's Capacitive Co  Air            42%        ∞         90%         8
 Storm Form               Tmut/Air       32%        N/A       94%         7
 Borgnjor's Revivificati  Necr           41%        N/A       96%         8
 Dragon Form              Tmut           16%        N/A       100%        7
 Malign Gateway           Summ/Tloc      26%        N/A       100%        7
 Necromutation            Tmut/Necr      31%        N/A       100%        8
 Death's Door             Necr           41%        N/A       100%        9
 Dragon's Call            Summ           16%        N/A       100%        9


Dungeon Overview and Level Annotations

Branches:
Dungeon (15/15)            Temple (0/1) D:6            Lair (6/6) D:11
  Swamp (4/4) Lair:3       Spider (4/4) Lair:4        Slime (5/5) Lair:6
    Orc (2/2) D:11            Elf (3/3) Orc:2        Vaults (5/5) D:13
  Crypt (3/3) Vaults:3       Tomb (0/3) Crypt:3      Depths (4/4) D:15
   Hell (visited)             Dis (0/7) Hell            Geh (0/7) Hell
    Coc (0/7) Hell            Tar (0/7) Hell            Zot (3/5) Depths:4
 Bailey (visited)

Altars:
Cheibriados
Dithmenos
Fedhas
Gozag
Hepliaklqana
Kikubaaqudgha
Makhleb
Nemelex Xobeh
Qazlal
Sif Muna
Uskayaw
Vehumet
Xom
Yredelemnul
Jiyva

Shops:
D:12 *   D:14 [(   Orc:2 ?:*:   Vaults:3 *   Vaults:4 *   Vaults:5 ??!?!!
Depths:4 !(

Portals:
Hell: Depths:1 Depths:2 Depths:3 Depths:4
Abyss: Depths:2 Depths:3
Pandemonium: Depths:1 Depths:2
Bazaar: Depths:3
Trove: Elf:1 (give +6 demon trident)

Annotations:
Lair:3 exclusion: oklob plant
Elf:1 6 runed translucent doors
Crypt:3 2 transporters, exclusion: obsidian statue, Houmnergh's ghost, master GnTm; Omiorith's ghost, adept GrFi


Innate Abilities, Weirdness & Mutations

You have hooves in place of feet.
You are completely covered in icy blue scales. (AC +4, rC+)
You can hurl damnation.
Your demonic aura causes all spilled blood to erupt in flames.
You are powered by pain.
You are resistant to unholy torment.
You punish those that try to bend your will. (Will+)
You have a pair of small horns on your head.
You are clumsy. (Dex -2)
You are dopey. (Int -2)
You are covered in fur. (AC +1)
Your muscles are strong. (Str +4, Int/Dex -1)


Message History

Cheibriados thoroughly appreciates the change of pace.
You hear a shout!
The demonspawn warmonger calls down the wrath of its god upon you.
Your magic feels tainted.
Casting: Iron Shot (mildly dangerous; 2% risk of failure)
Confirm with . or Enter, or press ? or * to list all spells.
Aiming: Iron Shot (mildly dangerous; 2% risk of failure)
Press: ? - help, Shift-Dir - straight line, f - demonspawn warmonger
Aim: a demonspawn warmonger, wielding a +4 glaive of flaming, wearing a +3 plate armour of positive energy and quivering stones (81% to hit)
The iron shot hits the demonspawn warmonger!!
The demonspawn warmonger is moderately wounded.
You lose access to your magic!
The demonspawn warmonger is engulfed in blazing flames.
The demonspawn warmonger hits you from afar with a +4 glaive of flaming.
* * * LOW HITPOINT WARNING * * *
The demonspawn warmonger burns you.
* * * LOW HITPOINT WARNING * * *
You are unable to access your magic!
Unknown command.
Aiming: Mindburst
Press: ? - help, Shift-Dir - straight line, f/p - demonspawn warmonger
Aim: a demonspawn warmonger, wielding a +4 glaive of flaming, wearing a +3 plate armour of positive energy and quivering stones (flame, moderately wounded, chance to affect: 65%)
Okay, then.
You feel much better.
The demonspawn warmonger is engulfed in blazing flames.
You block the demonspawn warmonger's attack.
A demonspawn black sun comes into view. It is wielding a +0 demon blade.
The ynoxinul gestures.
The ufetubus attacks as you move away! The ufetubus hits you.
* * * LOW HITPOINT WARNING * * *
You block the ufetubus's attack.
You regain access to your magic.
You produce a hideous howling noise!
You hear a screech!
You swap places.
The demonspawn warmonger attacks as you move away!
The demonspawn warmonger hits you with a +4 glaive of flaming!!
* * * LOW HITPOINT WARNING * * *
You focus on the pain.
You feel your power returning. The demonspawn warmonger burns you!
You die...

#'###.#.....#.###
####.....#.....'.#
.........#.....#.#
.........#.....#.#
#######..#.....#.#
##).......#.....#.#
#.######..###'###.#
##..#6##..........#
#...@#.#..........#
#.∩..#6#..........#
#.#..##3#..........#
..######.#.#.........##
........##5#.........#
..########.#.........#
1.6.........# 55. .....


You could see a demonspawn warmonger and a friendly hell beast (summoned).

Vanquished Creatures
  Dissolution (Slime:4)
  2 dread liches
  An orb of fire (Zot:3)
  2 ancient liches
  Mennas (Pan)
  2 juggernauts
  Boris (Depths:4)
  3 pandemonium lords (Pan)
  4 Killer Klowns
  Vv (Depths:4)
  Margery (Vaults:3)
  A curse toe (Crypt:3)
  Xtahua (Depths:4)
  A caustic shrike (Depths:1)
  Geryon (Hell)
  12 golden dragons
  Arachne (Spider:4)
  The ghost of pdpol the Alchemist, an adept DrCj of Sif Muna (Vaults:4)
  4 bone dragons
  9 tentacled monstrosities
  2 doom hounds (Depths:4)
  A shard shrike zombie (Crypt:3)
  Rupert (D:12)
  16 Brimstone Fiends (Pan)
  A Hell Sentinel (Pan)
  Mlioglotl (Swamp:3)
  2 deep elf blademasters (Elf:3)
  3 Ice Fiends
  8 searing wretches
  10 liches
  4 titans
  Grunn (Depths:4)
  A deep elf master archer (Elf:2)
  2 quicksilver dragons
  21 acid blobs
  14 ancient champions
  6 sphinxes
  The ghost of Eweu the Fighter, an adept DjFE of Gozag (D:14)
  7 death cobs
  6 draconian monks
  19 Executioners
  13 rockslimes
  10 tengu reavers
  An azure jelly (shapeshifter) (Vaults:5)
  9 shadow dragons
  7 storm dragons
  Kirke (Lair:6)
  A shadow dragon (shapeshifter) (Zig:4)
  A daeva (Pan)
  A revenant (Crypt:2)
  2 fenstrider witches
  Donald (Swamp:4)
  3 demonspawn warmongers (Pan)
  8 azure jellies
  A nagaraja (Zig:9)
  9 fire giants
  7 deep elf sorcerers (Elf:3)
  5 frost giants
  3 iron dragons
  6 draconian knights
  5 orc warlords
  2 draconian scorchers
  Louise (Depths:3)
  3 curse skulls
  3 caustic shrike zombies
  4 balrugs
  17 vault wardens
  3 emperor scorpions (Spider:4)
  5 ghost moths
  4 draconian shifters
  Aizul (Swamp:4)
  15 ghouls
  2 cacodemons
  4 broodmothers
  2 demonspawn corrupters
  3 angels
  6 draconian annihilators
  4 deep elf elementalists (Elf:3)
  9 war gargoyles
  24 ironbound preservers
  A juggernaut skeleton (Crypt:1)
  16 very ugly things
  4 draconian stormcallers
  13 quicksilver oozes
  2 demonspawn blood saints (Pan)
  A caustic shrike skeleton (Hell)
  6 reapers
  4 ironbound thunderhulks
  17 stone giants
  A black draconian (Zot:3)
  2 spriggan defenders
  6 eleionomae
  3 entropy weavers
  8 vampire knights
  4 deep elf demonologists
  A dire elephant (Vaults:3)
  20 lorocyprocas (Pan)
  12 green draconians
  5 red draconians
  5 demonspawn black suns (Pan)
  A dire elephant (shapeshifter) (Zig:4)
  13 deep elf annihilators
  6 bunyips
  18 yellow draconians
  2 putrid mouths (Depths:4)
  3 white draconians
  The ghost of Giasike the Basher, a journeyman MiBe of Trog (Lair:4)
  11 spark wasps
  13 blizzard demons
  6 eidola
  5 purple draconians
  10 ettins
  Snorg (D:11)
  A merfolk impaler (Depths:1)
  Josephine (D:11)
  7 deep elf death magi
  5 spriggan zombies
  2 mummy priests (Crypt:3)
  5 green deaths
  12 yaktaur captains
  8 fire dragons
  17 jiangshi
  13 great orbs of eyes
  12 deep elf high priests
  38 vault guards
  A shambling mangrove (Swamp:4)
  Fannar (Lair:1)
  4 peacekeepers
  2 rakshasas
  2 juggernaut simulacra (Pan)
  2 salamander tyrants (Zig:9)
  A quicksilver dragon skeleton (Crypt:3)
  13 boulder beetles
  2 spriggan skeletons (Hell)
  2 hell beasts
  Harold (D:10)
  3 ogre magi
  3 jorogumos
  A spectral tengu (D:14)
  21 hydras
  4 ice dragons
  7 ghost crabs
  2 radroaches (Spider:2)
  14 centaur warriors
  2 stokers
  3 spriggan air magi
  16 two-headed ogres
  A naga warrior (Zig:9)
  2 anacondas (Zig:9)
  8 alligators
  A spectral stone giant (D:14)
  6 ironbound frosthearts
  A spectral fire giant (D:14)
  A titan zombie (Crypt:1)
  2 death knights (Crypt:1)
  29 dancing weapons
  9 deep troll shamans
  11 vampire magi
  4 hell hogs
  8 orc high priests
  2 tengu warriors
  7 spriggan berserkers
  6 deep troll earth magi
  26 hell knights
  Urug (D:11)
  Sonja (Orc:1)
  2 shock serpents (Zig:9)
  29 soul eaters
  39 sun demons
  17 deep elf knights
  3 pharaoh ants
  8 iron trolls
  3 naga sharpshooters (Zig:9)
  50 skeletal warriors
  4 goliath frogs
  6 sixfirhies
  81 deep trolls
  A quicksilver dragon simulacrum (Hell)
  Lodul (D:11)
  An anaconda zombie (Hell)
  A cherub (Pan)
  3 shadow wraiths
  An orb spider (shapeshifter) (Zig:4)
  A bunyip zombie (Crypt:1)
  7 flayed ghosts
  11 orb spiders
  A shadow demon (Pan)
  A spectral iron dragon (D:14)
  7 wizards
  11 swamp dragons
  4 glowing orange brains
  7 spriggan druids
  9 bog bodies
  Pikel (D:9)
  6 steelbarb worms
  21 ironbound convokers
  9 deep elf archers
  A bunyip skeleton (Hell)
  14 phantasmal warriors
  19 lindwurms
  2 naga ritualists (Zig:9)
  2 anaconda skeletons
  4 harpies (Vaults:1)
  A golden dragon skeleton (D:15)
  33 deep elf pyromancers
  11 necromancers
  23 deep elf zephyrmancers
  10 orc knights
  A fire giant zombie (D:15)
  35 ugly things
  3 oklob plants (Zot:1)
  7 shining eyes
  12 wolf spiders
  4 manticores
  3 salamanders (shapeshifter)
  A spectral ettin (D:14)
  An iron dragon zombie (Depths:1)
  A stone giant zombie (Hell)
  A mana viper (Zig:9)
  A frost giant zombie (D:14)
  A shadow dragon skeleton (Hell)
  2 will-o-the-wisps
  A tengu skeleton (Crypt:3)
  A cyclops (D:11)
  A sphinx skeleton (Depths:1)
  19 elephants
  A fire giant skeleton (D:15)
  2 jorogumo skeletons
  14 vault sentinels
  8 orc sorcerers
  24 moths of wrath
  2 centaur zombies
  A guardian serpent (Zig:9)
  Maurice (D:13)
  7 apocalypse crabs
  15 smoke demons (Pan)
  9 torpor snails
  6 ice statues
  A stone giant skeleton (Crypt:3)
  2 dire elephant zombies
  7 black mambas
  4 orange demons
  3 rust devils
  2 centaur skeletons
  An eye of devastation (Slime:4)
  A storm dragon simulacrum (Hell)
  16 cane toads
  A naga skeleton (Crypt:3)
  A black draconian zombie (Crypt:1)
  3 gargoyles
  22 yaktaurs
  A sea snake zombie (Hell)
  2 unseen horrors (D:12)
  11 ice devils
  A minotaur zombie (Hell)
  12 rime drakes
  3 tormentors
  10 komodo dragons
  2 kobold demonologists (D:12)
  An efreet (D:13)
  A hydra zombie (Hell)
  A tengu conjurer (Depths:3)
  4 hellwings (Pan)
  42 demonic crawlers
  7 hellions
  An iron troll zombie (Crypt:3)
  5 guardian mummies
  7 freezing wraiths
  An ancient zyme (Abyss:2)
  A yellow draconian skeleton (Crypt:2)
  A golden dragon simulacrum (Hell)
  10 trolls
  2 harpy zombies (Crypt:2)
  5 meliai
  6 red devils
  8 tyrant leeches
  31 hornets
  28 tarantellas
  87 slime creatures
  A hornet (shapeshifter) (Vaults:5)
  2 hydra skeletons (Hell)
  5 polar bears
  A culicivora zombie (Crypt:3)
  6 dream sheep
  8 blink frogs
  37 large abominations (Pan)
  A stone giant simulacrum (D:14)
  4 alligator zombies
  2 centaur simulacra (Crypt:3)
  7 air elementals
  An alligator skeleton (Hell)
  6 flying skulls (Crypt:2)
  A slime creature zombie (Crypt:2)
  20 ynoxinuls (Pan)
  30 jumping spiders
  3 vampires
  29 culicivoras
  14 wraiths
  34 spriggans
  5 basilisks
  3 water elementals
  3 black mamba zombies
  4 ushabtiu (Crypt:3)
  2 wyverns
  8 fire elementals
  15 humans
  37 yaks
  8 vampire mosquitoes
  3 golden eyes (Slime:3)
  28 chaos spawn
  5 neqoxecs
  A steam dragon (Lair:3)
  60 redbacks
  6 wargs
  A catoblepas simulacrum (Hell)
  A merfolk zombie (Crypt:2)
  A naga zombie (Crypt:3)
  A glowing shapeshifter zombie (Depths:1)
  12 swamp worms
  A water moccasin (shapeshifter) (Vaults:5)
  Duvessa (D:4)
  3 hydra simulacra
  15 water moccasins
  A floating eye (shapeshifter) (D:14)
  A floating eye (Depths:3)
  41 orc warriors
  6 hell hounds
  8 black bears
  An ice beast (D:5)
  An alligator simulacrum (Hell)
  A water nymph skeleton (Crypt:1)
  A dream sheep zombie (Crypt:2)
  A lindwurm zombie (Crypt:3)
  A swamp drake (shapeshifter) (Depths:3)
  6 swamp drakes
  A sky beast (D:8)
  27 ogres
  A spriggan simulacrum (D:14)
  8 boggarts
  22 wolves (Lair:6)
  13 centaurs
  An eye of devastation zombie (Crypt:1)
  A phantom (D:4)
  3 kobold brigands
  2 salamander zombies (Crypt:3)
  11 bullfrogs
  2 gnoll sergeants
  An earth elemental (Elf:1)
  13 necrophages
  3 cane toad simulacra (Lair:4)
  4 scorpions
  2 wights (D:7)
  Dowan (D:4)
  9 killer bees
  A warg skeleton (Crypt:2)
  A rime drake simulacrum (Lair:4)
  7 electric eels
  3 howler monkeys
  28 jellies
  8 vampire bats (Bailey)
  6 wolf zombies (Bailey)
  A crimson imp (D:7)
  A human zombie (Crypt:1)
  A bullfrog zombie (Crypt:1)
  5 hounds
  34 orc priests
  3 gnoll boudas
  3 iguanas
  29 orc wizards
  2 boggart zombies
  5 hell rats (Lair:2)
  A tengu zombie (Crypt:3)
  Robin (D:2)
  17 gnolls
  3 adders
  2 shadow imps
  14 white imps
  2 ufetubi
  2 worms
  A dart slug (D:5)
  122 orcs
  6 endoplasms
  4 giant cockroaches
  15 goblins
  9 hobgoblins
  13 kobolds
  5 quokkas
  8 ball pythons
  9 bats
  3 frilled lizards
  23 orc zombies (Bailey)
  A quokka skeleton (Crypt:1)
  5 rats
  A butterfly (Lair:1)
  A creeping inferno (Hell)
  6 fire vortices (Hell)
3006 creatures vanquished.

Vanquished Creatures (collateral kills)
  the Royal Jelly (Slime:5)
  2 pandemonium lords
  A Brimstone Fiend (Zig:5)
  A tengu reaver (Vaults:5)
  An azure jelly (Slime:5)
  A demonspawn corrupter (Zig:5)
  A war gargoyle (Vaults:5)
  Nessos (D:13)
  A very ugly thing (Vaults:5)
  A yaktaur captain (Vaults:5)
  A soul eater (Pan)
  A deep troll (Vaults:5)
  A freezing wraith (Vaults:5)
  A red devil (Pan)
15 creatures vanquished.

Vanquished Creatures (others)
  A blizzard demon (Pan)
  A hell hog (Depths:1)
  A skeletal warrior (Crypt:2)
  A spriggan druid (Swamp:1)
  2 deep elf pyromancers (Elf:1)
  2 bloated husks
  A tyrant leech (Swamp:3)
  5 humans
  2 dancing weapons
  A swamp worm (Swamp:3)
  An orc warrior (Elf:1)
  A centaur (D:13)
  A necrophage (Swamp:3)
  An orc wizard (Elf:1)
  An orc (Elf:1)
  A kobold (D:6)
  14 foxfires
  42 fungi
  88 plants
  15 withered plants (D:15)
182 creatures vanquished.

Grand Total: 3203 creatures vanquished

Notes
Turn   | Place    | Note
-------+----------+-------------------------------------------
     0 | D:1      | Zonian the Demonspawn Ice Elementalist began the quest for
                  | the Orb.
     0 | D:1      | Reached XP level 1. HP: 13/13 MP: 3/3
   110 | D:1      | You fall into a shaft and drop 1 floor!
   128 | D:2      | Noticed Robin
   348 | D:1      | Gained mutation: You are partially covered in icy blue
                  | scales. (AC +2) [demonic ancestry]
   348 | D:1      | Reached XP level 2. HP: 19/19 MP: 3/5
  1299 | D:2      | Gained mutation: You are mostly covered in icy blue scales.
                  | (AC +3) [demonic ancestry]
  1299 | D:2      | Reached XP level 3. HP: 21/24 MP: 1/6
  1299 | D:2      | Killed Robin
  1605 | D:2      | Noticed a necrophage
  1861 | D:2      | Killed a necrophage
  1862 | D:2      | Reached XP level 4. HP: 8/30 MP: 4/7
  2622 | D:3      | Reached skill level 5 in Ice Magic
  2786 | D:3      | Found a faded altar of an unknown god.
  2857 | D:3      | Found a snail-covered altar of Cheibriados.
  2857 | D:3      | Noticed a torpor snail
  3014 | D:3      | Became a worshipper of Cheibriados the Contemplative
  3191 | D:3      | Gained mutation: You have large cloven feet. [demonic
                  | ancestry]
  3191 | D:3      | Reached XP level 5. HP: 35/35 MP: 6/8
  3757 | D:4      | Learned a level 3 spell: Frozen Ramparts
  3761 | D:4      | Learned a level 3 spell: Ozocubu's Armour
  4047 | D:4      | Noticed a phantom
  4151 | D:4      | Gained mutation: You sometimes gain a little power by
                  | taking damage. [demonic ancestry]
  4151 | D:4      | Reached XP level 6. HP: 15/41 MP: 1/9
  4548 | D:4      | Noticed Dowan
  4562 | D:4      | Killed Dowan
  4795 | D:4      | Noticed Duvessa
  4831 | D:4      | Killed Duvessa
  4831 | D:4      | Reached * piety under Cheibriados
  5299 | D:4      | Reached skill level 1 in Maces & Flails
  5488 | D:4      | Found a hazy altar of Hepliaklqana.
  5588 | D:4      | Reached XP level 7. HP: 17/46 MP: 3/10
  6409 | D:4      | Reached skill level 1 in Short Blades
  6502 | D:5      | Entered Level 5 of the Dungeon
  7089 | D:5      | Learned a level 2 spell: Ensorcelled Hibernation
  7231 | D:5      | Reached XP level 8. HP: 32/52 MP: 9/11
  7454 | D:5      | Reached ** piety under Cheibriados
  8126 | D:6      | Reached skill level 5 in Short Blades
  8183 | D:6      | Identified a scroll of acquirement
  8183 | D:6      | Acquired a +0 rapier of draining
  8854 | D:6      | Found a hide-covered altar of Uskayaw.
  9288 | D:6      | Found a staircase to the Ecumenical Temple.
  9501 | D:6      | Found a burning altar of Makhleb.
  9507 | D:6      | Reached *** piety under Cheibriados
  9537 | D:6      | Reached skill level 5 in Stealth
  9698 | D:7      | Reached skill level 1 in Invocations
  9974 | D:7      | Found a stormy altar of Qazlal.
  9974 | D:7      | Found a sparkling altar of Nemelex Xobeh.
  9974 | D:7      | Found a shadowy altar of Dithmenos.
 10532 | D:7      | Found a shimmering altar of Xom.
 10543 | D:7      | Found an ancient bone altar of Kikubaaqudgha.
 10543 | D:7      | Found a shimmering blue altar of Sif Muna.
 10564 | D:7      | Gained mutation: You have hoof-like feet. [demonic
                  | ancestry]
 10564 | D:7      | Reached XP level 9. HP: 51/57 MP: 7/12
 10584 | D:7      | Found a radiant altar of Vehumet.
 10759 | D:7      | Identified the +5 kite shield of Pandemonium {+Blink}
 11037 | D:7      | Reached skill level 5 in Invocations
 11942 | D:8      | Reached **** piety under Cheibriados
 12185 | D:8      | Reached skill level 1 in Fighting
 12231 | D:8      | Reached skill level 2 in Fighting
 12457 | D:9      | Noticed a troll
 12488 | D:9      | Reached skill level 3 in Fighting
 12493 | D:9      | Reached skill level 4 in Fighting
 12495 | D:9      | Reached skill level 5 in Fighting
 12500 | D:9      | Noticed Pikel
 12509 | D:9      | Killed Pikel
 12510 | D:9      | Reached skill level 5 in Dodging
 12510 | D:9      | Reached XP level 10. HP: 64/74 MP: 6/16
 12631 | D:9      | Found a flagged portal.
 12641 | Bailey   | Entered a bailey
 12930 | Bailey   | Reached ***** piety under Cheibriados
 12975 | Bailey   | Reached skill level 1 in Hexes
 13156 | Bailey   | Noticed a gargoyle
 13166 | Bailey   | Killed a gargoyle
 13183 | Bailey   | Found the +3 crown of Dyrovepreva {rElec Int+2 SInv}
 13214 | Bailey   | HP: 1/74 [orc warrior zombie/+0 halberd (4)]
 13779 | Bailey   | Identified the +2 plate armour "Oleiloh" {rCorr}
 13822 | Bailey   | Identified the amulet "Ecul Mao" {RegenMP Int-4 Dex+6
                  | Slay+4}
 14050 | D:9      | Learned a level 4 spell: Hailstorm
 14089 | D:9      | Reached skill level 1 in Conjurations
 14581 | D:10     | Entered Level 10 of the Dungeon
 14688 | D:10     | Acquired the ring of Ofaom {Fly rPois rN+ Int+2 Stlth+}
 14693 | D:10     | Noticed a two-headed ogre
 14706 | D:10     | Killed a two-headed ogre
 15420 | D:10     | Reached skill level 5 in Conjurations
 15991 | D:10     | Noticed a deep elf pyromancer
 16002 | D:10     | Killed a deep elf pyromancer
 16380 | D:10     | Noticed Harold
 16389 | D:10     | Killed Harold
 16390 | D:10     | Reached XP level 11. HP: 72/79 MP: 17/17
 16539 | D:11     | Noticed Lodul
 16550 | D:11     | Noticed a tengu warrior
 16643 | D:11     | Killed Lodul
 16647 | D:11     | Killed a tengu warrior
 16895 | D:11     | Noticed a purple ugly thing
 16912 | D:11     | Killed a purple ugly thing
 16940 | D:11     | Noticed a boulder beetle
 16954 | D:11     | Killed a boulder beetle
 17012 | D:11     | Noticed a two-headed ogre
 17022 | D:11     | Killed a two-headed ogre
 17161 | D:11     | Noticed Josephine
 17177 | D:11     | Killed Josephine
 17178 | D:11     | Reached skill level 10 in Short Blades
 17461 | D:11     | Found a staircase to the Lair.
 17531 | D:11     | Noticed a two-headed ogre
 17672 | D:11     | Noticed Snorg
 17946 | Lair:1   | Entered Level 1 of the Lair of Beasts
 18250 | Lair:1   | Noticed Fannar
 18617 | Lair:1   | Gained mutation: You sometimes gain power by taking damage.
                  | [demonic ancestry]
 18617 | Lair:1   | Reached XP level 12. HP: 78/86 MP: 18/18
 18921 | Lair:1   | Killed Fannar
 19295 | Lair:1   | Reached skill level 6 in Fighting
 19849 | Lair:2   | Reached skill level 7 in Fighting
 20136 | Lair:2   | Reached skill level 8 in Fighting
 20409 | Lair:2   | Noticed a seven-headed hydra
 20566 | Lair:2   | Reached skill level 9 in Fighting
 20875 | D:11     | Killed Snorg
 20876 | D:11     | Reached skill level 10 in Fighting
 21021 | D:11     | Killed a two-headed ogre
 21031 | D:11     | Found a staircase to the Orcish Mines.
 21275 | D:10     | Learned a level 4 spell: Iskenderun's Mystic Blast
 21345 | D:11     | Noticed Urug
 21513 | D:11     | Killed Urug
 21514 | D:11     | Reached skill level 1 in Translocations
 22369 | Lair:2   | Gained mutation: Your demonic aura sometimes causes spilled
                  | blood to erupt in flames. [demonic ancestry]
 22369 | Lair:2   | Reached XP level 13. HP: 86/103 MP: 19/19
 22934 | Lair:3   | Found a staircase to the Swamp.
 22975 | Lair:3   | Reached skill level 5 in Spellcasting
 23248 | Lair:3   | Found a frozen archway.
 24164 | Lair:3   | Reached skill level 5 in Translocations
 24682 | Lair:4   | Found a runed translucent gate.
 24682 | Lair:4   | Found a runed translucent gate.
 24682 | Lair:4   | Found a runed translucent gate.
 24855 | Lair:4   | Reached skill level 1 in Evocations
 25044 | Lair:4   | Noticed Giasike's ghost (journeyman MiBe)
 25177 | Lair:4   | Reached skill level 5 in Evocations
 25840 | Lair:4   | Found a hole to the Spider Nest.
 26300 | Lair:5   | Identified the ring "Jirrem" {Ice rPois Str+3}
 27334 | Lair:5   | Reached XP level 14. HP: 106/110 MP: 21/21
 27479 | Lair:6   | Entered Level 6 of the Lair of Beasts
 27996 | Lair:6   | Found a staircase to the Slime Pits.
 27996 | Lair:6   | Found a viscous altar of Jiyva.
 28111 | Lair:6   | Noticed Kirke
 28116 | Lair:6   | Noticed a sphinx
 28134 | Lair:6   | Killed Kirke
 28199 | Lair:6   | Identified the +1 leather armour of the Ditch-Digger {-Tele
                  | *Corrode rN+++ SInv}
 28477 | Lair:6   | Reached ****** piety under Cheibriados
 28650 | Lair:6   | Identified the ring of Ecuezem {rN+ Int+6 Dex-4 Slay+6
                  | SInv}
 29337 | Lair:6   | Identified the +5 hand axe of Plunder {drain, Str+3}
 29458 | Lair:6   | Learned a level 3 spell: Tukima's Dance
 29734 | D:12     | Reached skill level 1 in Shields
 29764 | D:12     | Reached skill level 10 in Ice Magic
 29879 | D:12     | Noticed Rupert
 30031 | D:12     | Found Xitoluast's Elemental Accessories.
 30629 | D:12     | Killed Rupert
 30993 | D:13     | Noticed Nessos
 31101 | D:13     | Found a gate to the Vaults.
 32159 | D:13     | Killed Nessos
 32276 | D:13     | Noticed Maurice
 32697 | D:13     | Killed Maurice
 32698 | D:13     | Reached skill level 5 in Shields
 32839 | D:13     | Gained mutation: You are completely covered in icy blue
                  | scales. (AC +4, rC+) [demonic ancestry]
 32839 | D:13     | Reached XP level 15. HP: 87/115 MP: 17/24
 33006 | D:13     | Found an opulent altar of Gozag.
 33144 | D:14     | Found a runed translucent gate.
 33145 | D:14     | Found a runed translucent gate.
 33145 | D:14     | Found a runed translucent gate.
 33148 | D:14     | Noticed Eweu's ghost (adept DjFE)
 33697 | D:14     | Found Ydel's Antique Weapon Emporium.
 34077 | D:14     | Found Editwubu's Armour Shoppe.
 34089 | D:14     | Bought a +2 pair of gloves of dexterity for 322 gold pieces
 34289 | D:15     | Entered Level 15 of the Dungeon
 34307 | D:15     | Found a staircase to the Depths.
 34849 | D:15     | Paralysed by an ogre mage for 2 turns
 36368 | D:15     | Found a blossoming altar of Fedhas.
 36370 | D:15     | Found a stormy altar of Qazlal.
 36370 | D:15     | Found a blossoming altar of Fedhas.
 36372 | D:15     | Found a hazy altar of Hepliaklqana.
 36372 | D:15     | Found a shimmering altar of Xom.
 36627 | Orc:1    | Entered Level 1 of the Orcish Mines
 36632 | Orc:1    | Noticed Sonja
 36642 | Orc:1    | Killed Sonja
 37039 | Orc:2    | Entered Level 2 of the Orcish Mines
 37225 | Orc:2    | Paralysed by an orc sorcerer for 4 turns
 37952 | Orc:2    | Found Lejenari's Book Emporium.
 37971 | Orc:2    | Found Obbaw's General Store.
 38211 | Orc:2    | Found a staircase to the Elven Halls.
 38706 | Orc:2    | Reached skill level 10 in Spellcasting
 38886 | Orc:2    | Noticed an orc warlord
 38906 | Orc:2    | Killed an orc warlord
 39169 | Orc:2    | Found Erphuevau's Magic Scroll Shoppe.
 39190 | Orc:2    | Bought 2 scrolls of enchant armour for 165 gold pieces
 39190 | Orc:2    | Bought a scroll of enchant armour for 82 gold pieces
 39190 | Orc:2    | Bought a scroll of teleportation for 33 gold pieces
 39190 | Orc:2    | Bought a scroll of fog for 22 gold pieces
 39190 | Orc:2    | Bought a scroll of silence for 82 gold pieces
 39190 | Orc:2    | Bought a scroll of blinking for 82 gold pieces
 39370 | Orc:2    | Found Aseefof's Book Shop.
 39390 | Orc:2    | Reached XP level 16. HP: 112/122 MP: 14/30
 39928 | Spider:1 | Entered Level 1 of the Spider Nest
 40044 | Spider:1 | Reached skill level 10 in Shields
 40385 | Spider:1 | Identified the +1 war axe "Zonian's Bane" {holy, Str+3}
 40409 | Spider:1 | Found a transporter.
 40417 | Spider:1 | Found a transporter.
 40509 | Spider:1 | Reached skill level 10 in Invocations
 40761 | Spider:1 | Upgraded the game from 0.29-a0-821-g66395355a5 to
                  | 0.29-a0-823-gc37b1572da
 41426 | Spider:1 | Reached skill level 11 in Fighting
 41548 | Spider:2 | You are sucked into a shaft and drop 1 floor!
 41772 | Spider:2 | Reached skill level 12 in Fighting
 42243 | Spider:2 | Identified the +1 plate armour of Vodghu {Dex+3 Slay+3}
 42919 | Spider:2 | Learned a level 4 spell: Airstrike
 43464 | Spider:3 | Reached skill level 1 in Air Magic
 43553 | Lair:4   | Killed Giasike's ghost
 43657 | Lair:4   | Got the ring "Uxibb" {Fire Fly rCorr Dex-2}
 44622 | Spider:3 | Reached skill level 1 in Armour
 44670 | Spider:3 | Gained mutation: You are powered by pain. [demonic
                  | ancestry]
 44670 | Spider:3 | Reached XP level 17. HP: 92/135 MP: 23/31
 45138 | Spider:4 | Entered Level 4 of the Spider Nest
 45212 | Spider:4 | Noticed Arachne
 45218 | Spider:4 | Reached skill level 13 in Fighting
 45220 | Spider:4 | Killed Arachne
 46620 | D:14     | Reached skill level 5 in Armour
 46638 | D:14     | Killed Eweu's ghost
 47032 | D:12     | Bought a tin of tremorstones (2/2) for 720 gold pieces
 47303 | Swamp:1  | Entered Level 1 of the Swamp
 47351 | Swamp:1  | Reached skill level 14 in Fighting
 47404 | Swamp:1  | Paralysed by a fenstrider witch for 4 turns
 48027 | Swamp:1  | Reached skill level 15 in Fighting
 50030 | Spider:4 | Got a gossamer rune of Zot
 50588 | Swamp:1  | Found a runed translucent door.
 50601 | Swamp:1  | Reached XP level 18. HP: 147/149 MP: 32/32
 50984 | Swamp:1  | Paralysed by you for 3 turns
 51414 | Swamp:2  | Reached skill level 10 in Dodging
 52439 | Swamp:3  | HP: 5/149 [eleionoma/spray of wooden splinters (22)]
 53156 | Swamp:4  | Entered Level 4 of the Swamp
 53169 | Swamp:4  | Reached skill level 15 in Invocations
 53233 | Swamp:4  | Noticed Aizul
 53254 | Swamp:4  | Killed Aizul
 53270 | Swamp:4  | Noticed Mlioglotl
 53649 | Swamp:4  | Noticed Donald
 53664 | Swamp:4  | Killed Donald
 54282 | Swamp:4  | Noticed a bone dragon
 54612 | Swamp:4  | Got a decaying rune of Zot
 54887 | Vaults:1 | Entered Level 1 of the Vaults
 56266 | Vaults:1 | Gained mutation: Your demonic aura often causes spilled
                  | blood to erupt in flames. [demonic ancestry]
 56266 | Vaults:1 | Reached XP level 19. HP: 133/155 MP: 29/33
 56431 | Vaults:1 | Reached skill level 5 in Air Magic
 57586 | Abyss:2  | Cast into level 2 of the Abyss (a wizard)
 57671 | Abyss:2  | Gained mutation: You have hidden genetic potential. [a
                  | neqoxec]
 57671 | Abyss:2  | Gained mutation: You have a pair of small horns on your
                  | head. [a neqoxec]
 57843 | Vaults:2 | Escaped the Abyss
 59420 | Vaults:3 | Found Kyirgh's General Store.
 59424 | Vaults:3 | Bought a wand of acid (4) for 288 gold pieces
 59529 | Vaults:3 | Found an ancient bone altar of Kikubaaqudgha.
 59531 | Vaults:3 | Found a staircase to the Crypt.
 59532 | Vaults:3 | Found a basalt altar of Yredelemnul.
 60055 | Vaults:3 | Noticed Margery
 60066 | Vaults:3 | Killed Margery
 60280 | Vaults:3 | Reached skill level 15 in Spellcasting
 60282 | Vaults:3 | Gained mutation: You have hooves in place of feet. [demonic
                  | ancestry]
 60282 | Vaults:3 | Reached XP level 20. HP: 144/162 MP: 24/39
 60730 | Vaults:3 | Learned a level 5 spell: Lightning Bolt
 61303 | Vaults:3 | You are sucked into a shaft and drop 1 floor!
 61958 | Vaults:4 | Found Istrulie's General Store.
 61967 | Vaults:4 | Bought a potion of curing for 54 gold pieces
 61967 | Vaults:4 | Bought a potion of curing for 54 gold pieces
 61967 | Vaults:4 | Bought 2 potions of curing for 108 gold pieces
 61967 | Vaults:4 | Bought a wand of mindburst (8) for 216 gold pieces
 62064 | Vaults:4 | Gained mutation: Your system is resistant to poisons.
                  | (rPois) [hidden potential]
 62814 | Vaults:4 | Found a runed translucent door.
 62816 | Vaults:4 | Noticed pdpol's ghost (adept DrCj)
 63880 | Elf:1    | Entered Level 1 of the Elven Halls
 64311 | Elf:1    | Paralysed by an air elemental for 1 turns
 64898 | Elf:1    | Learned a level 3 spell: Mephitic Cloud
 65098 | Elf:1    | Paralysed by an air elemental for 1 turns
 65102 | Elf:1    | Reached skill level 1 in Poison Magic
 65107 | Elf:1    | Paralysed by an air elemental for 1 turns
 65383 | Elf:1    | Found a runed translucent gate.
 65383 | Elf:1    | Found a runed translucent gate.
 65383 | Elf:1    | Found a runed translucent gate.
 65383 | Elf:1    | Found a runed translucent gate.
 65383 | Elf:1    | Found a runed translucent gate.
 65385 | Elf:1    | Found a runed translucent gate.
 65785 | Elf:1    | Found a portal to a secret trove of treasure.
 65943 | Elf:2    | Found a crumbling gateway.
 65957 | Elf:2    | Paralysed by an air elemental for 1 turns
 66159 | Elf:2    | Reached skill level 10 in Conjurations
 66159 | Elf:2    | Paralysed by an air elemental for 1 turns
 66166 | Elf:2    | Reached XP level 21. HP: 124/167 MP: 12/40
 66344 | Elf:2    | Found a runed translucent gate.
 66344 | Elf:2    | Found a runed translucent gate.
 66344 | Elf:2    | Found a runed translucent gate.
 66781 | Elf:3    | Entered Level 3 of the Elven Halls
 67179 | Elf:3    | Reached skill level 10 in Air Magic
 67555 | Elf:3    | Gained mutation: You are resistant to electric shocks.
                  | (rElec) [hidden potential]
 67555 | Elf:3    | Lost mutation: You have hidden genetic potential. [hidden
                  | potential expressed]
 67734 | Elf:3    | Reached skill level 5 in Poison Magic
 67956 | Elf:3    | Identified the +1 demon trident of Plog {flame, Int+2}
 68484 | Elf:3    | Identified the +1 ring mail of Relativism {rPois Int+8
                  | Dex-4 Slay-3}
 68827 | Elf:3    | Got the Discourse on Evolution
 69143 | Elf:3    | Learned a level 5 spell: Freezing Cloud
 69148 | Elf:3    | Learned a level 4 spell: Dispel Undead
 69148 | Elf:3    | Upgraded the game from 0.29-a0-823-gc37b1572da to
                  | 0.29-a0-824-gd827844252
 69268 | Orc:2    | Bought a book of Debilitation for 320 gold pieces
 69324 | Orc:2    | Bought a book of Sloth for 576 gold pieces
 69330 | Orc:2    | Learned a level 5 spell: Metabolic Englaciation
 69860 | Swamp:3  | Killed Mlioglotl
 70188 | Vaults:5 | Entered Level 5 of the Vaults
 70194 | Vaults:5 | Reached skill level 1 in Ranged Weapons
 70204 | Vaults:5 | Reached skill level 5 in Hexes
 70211 | Vaults:5 | Paralysed by a sphinx for 4 turns
 71561 | Vaults:5 | Noticed a golden dragon
 71565 | Vaults:5 | Reached skill level 16 in Fighting
 71587 | Vaults:5 | Killed a golden dragon
 71595 | Vaults:5 | Reached XP level 22. HP: 115/178 MP: 28/41
 71601 | Vaults:5 | Reached skill level 5 in Necromancy
 71603 | Vaults:5 | Identified the +4 battleaxe of Firiutux {vorpal, rF+ MP+9
                  | Dex+3}
 71763 | Vaults:5 | Noticed a golden dragon
 71769 | Vaults:5 | Noticed a golden dragon
 71794 | Vaults:5 | Reached skill level 5 in Ranged Weapons
 71811 | Vaults:5 | Reached skill level 17 in Fighting
 71953 | Vaults:5 | Identified the +1 plate armour "Erhu" {Will+ Slay+3}
 71965 | Vaults:5 | Learned a level 3 spell: Vampiric Draining
 72071 | Vaults:5 | Found Ryulika's Magic Scroll Shoppe.
 72072 | Vaults:5 | Got a silver rune of Zot
 72093 | Vaults:5 | Bought a scroll of fear for 49 gold pieces
 72093 | Vaults:5 | Bought a scroll of teleportation for 42 gold pieces
 72093 | Vaults:5 | Bought a scroll of poison for 49 gold pieces
 72093 | Vaults:5 | Bought a scroll of silence for 105 gold pieces
 72198 | Vaults:5 | Found Zaewaf's Distillery.
 72198 | Vaults:5 | Found Ysowk's Magic Scroll Shoppe.
 72207 | Vaults:5 | Bought a potion of heal wounds for 100 gold pieces
 72207 | Vaults:5 | Bought a potion of curing for 60 gold pieces
 72207 | Vaults:5 | Bought a potion of cancellation for 160 gold pieces
 72207 | Vaults:5 | Bought a potion of curing for 60 gold pieces
 72262 | Vaults:5 | Bought a scroll of blinking for 112 gold pieces
 72262 | Vaults:5 | Bought a scroll of fog for 30 gold pieces
 72365 | Vaults:5 | Found Jitalu's Distillery.
 72367 | Vaults:5 | Found Otuk's Distillery.
 72372 | Vaults:5 | Bought a potion of resistance for 160 gold pieces
 72372 | Vaults:5 | Bought a potion of curing for 48 gold pieces
 72372 | Vaults:5 | Bought a potion of might for 64 gold pieces
 72372 | Vaults:5 | Bought a potion of curing for 48 gold pieces
 72372 | Vaults:5 | Bought a potion of heal wounds for 80 gold pieces
 72499 | Vaults:5 | Bought a potion of heal wounds for 85 gold pieces
 72499 | Vaults:5 | Bought a potion of heal wounds for 85 gold pieces
 72499 | Vaults:5 | Bought a potion of heal wounds for 85 gold pieces
 72499 | Vaults:5 | Bought a potion of invisibility for 136 gold pieces
 72503 | Vaults:5 | Found Olanufe's Magic Scroll Shoppe.
 72507 | Vaults:5 | Bought a scroll of teleportation for 33 gold pieces
 72507 | Vaults:5 | Bought a scroll of summoning for 104 gold pieces
 72595 | Vaults:5 | Killed a golden dragon
 72646 | Vaults:5 | Killed a golden dragon
 72856 | Vaults:5 | Reached skill level 18 in Fighting
 72923 | Vaults:5 | Found the +8 mithril axe "Arga" {speed, Will+}
 72924 | Vaults:5 | Noticed an ancient lich
 73045 | Vaults:5 | Killed an ancient lich
 73057 | Vaults:5 | Identified the +5 robe "Ownil" {rC+ Int+3}
 73930 | Vaults:4 | Killed pdpol's ghost
 74596 | Depths:1 | Entered Level 1 of the Depths
 75695 | Depths:1 | Found the ring of the Hare {EV+8}
 75930 | Depths:1 | Reached skill level 19 in Fighting
 76330 | Depths:1 | Noticed a caustic shrike
 76347 | Depths:1 | Reached skill level 10 in Hexes
 77078 | Depths:1 | Killed a caustic shrike
 77492 | Depths:1 | Got the Volume of the Oath
 77560 | Depths:1 | Found a gateway to Hell.
 77862 | Depths:1 | Found a one-way gate leading to the halls of Pandemonium.
 78430 | Depths:2 | Found a one-way gate to the infinite horrors of the Abyss.
 78456 | Depths:2 | Reached skill level 20 in Fighting
 78456 | Depths:2 | Gained mutation: You punish those that try to bend your
                  | will. (Will+) [demonic ancestry]
 78456 | Depths:2 | Reached XP level 23. HP: 175/196 MP: 36/42
 80611 | Depths:3 | Reached skill level 10 in Necromancy
 81054 | Depths:3 | Found a gateway to a bazaar.
 81130 | Depths:3 | Found a one-way gateway to a ziggurat.
 81279 | Depths:4 | Entered Level 4 of the Depths
 81301 | Depths:4 | Noticed Boris
 81309 | Depths:4 | Killed Boris
 81434 | Depths:4 | Found Emofuor's Weapon Emporium.
 81507 | Depths:4 | Found Buclomui's Distillery.
 81510 | Depths:4 | Bought a potion of ambrosia for 120 gold pieces
 81510 | Depths:4 | Bought a potion of curing for 45 gold pieces
 81510 | Depths:4 | Bought a potion of heal wounds for 75 gold pieces
 81510 | Depths:4 | Bought a potion of curing for 45 gold pieces
 82207 | Depths:4 | Noticed a juggernaut
 82219 | Depths:4 | Killed a juggernaut
 82233 | Depths:4 | Noticed Grunn
 82244 | Depths:4 | Reached skill level 10 in Ranged Weapons
 82779 | Depths:4 | Found a gate to the Realm of Zot.
 82862 | Depths:4 | Killed Grunn
 83176 | Depths:4 | Noticed Vv
 83453 | Depths:4 | Noticed Xtahua
 83485 | Depths:4 | Killed Xtahua
 83773 | Depths:3 | Learned a level 4 spell: Anguish
 83779 | Depths:3 | Noticed Louise
 83795 | Depths:3 | Killed Louise
 84141 | Depths:3 | Reached skill level 10 in Evocations
 84220 | Depths:3 | Noticed a juggernaut
 84237 | Depths:3 | Killed a juggernaut
 84919 | Crypt:1  | Entered Level 1 of the Crypt
 85099 | Crypt:1  | Gained mutation: Your demonic aura causes all spilled blood
                  | to erupt in flames. [demonic ancestry]
 85099 | Crypt:1  | Reached XP level 24. HP: 188/204 MP: 38/42
 86479 | Crypt:1  | Found an ancient bone altar of Kikubaaqudgha.
 89434 | Crypt:3  | Entered Level 3 of the Crypt
 89436 | Crypt:3  | Found a transporter.
 89446 | Crypt:3  | Noticed a royal mummy
 89757 | Crypt:3  | Found a staircase to the Tomb.
 89944 | Crypt:3  | Noticed Omiorith's ghost (adept GrFi)
 89946 | Crypt:3  | Noticed Houmnergh's ghost (master GnTm)
 90780 | Crypt:3  | Found a transporter.
 92205 | Crypt:3  | Found a basalt altar of Yredelemnul.
 92212 | Crypt:3  | Found an ancient bone altar of Kikubaaqudgha.
 92256 | Crypt:3  | Identified the +10 glaive "Hyinur" {spect, Str+5 Int+3}
 92288 | Crypt:3  | Identified the +1 leather armour of Wasted Space {-Cast rF+
                  | Regen+}
 92898 | Orc:2    | Bought a manual of Polearms for 1280 gold pieces
 93693 | Slime:1  | Entered Level 1 of the Pits of Slime
 93703 | Lair:6   | Reached skill level 1 in Polearms
 93713 | Lair:6   | Reached XP level 25. HP: 205/210 MP: 28/45
 94087 | Slime:5  | Entered Level 5 of the Pits of Slime
 94099 | Slime:5  | Reached skill level 5 in Polearms
 94114 | Slime:5  | Gained mutation: You occasionally shout uncontrollably at
                  | your foes. [a shining eye]
 94134 | Slime:5  | Gained mutation: You do not regenerate when monsters are
                  | visible. [a shining eye]
 94134 | Slime:5  | Gained mutation: Your magical capacity is low. (-10% MP) [a
                  | shining eye]
 94254 | Slime:5  | Noticed the Royal Jelly
 94435 | Slime:4  | Gained mutation: You are dopey. (Int -2) [a shining eye]
 94436 | Slime:4  | Noticed Dissolution
 94705 | Swamp:2  | Lost mutation: Your magical capacity is low. (-10% MP)
                  | [potion of mutation]
 94705 | Swamp:2  | Lost mutation: You are dopey. (Int -2) [potion of mutation]
 94705 | Swamp:2  | Lost mutation: You are resistant to electric shocks.
                  | (rElec) [potion of mutation]
 94705 | Swamp:2  | Gained mutation: You passively map a small area around you.
                  | [potion of mutation]
 94705 | Swamp:2  | Gained mutation: Potions are less effective at restoring
                  | your health. [potion of mutation]
 94833 | D:11     | Lost mutation: You occasionally shout uncontrollably at
                  | your foes. [potion of mutation]
 94833 | D:11     | Lost mutation: Potions are less effective at restoring your
                  | health. [potion of mutation]
 94833 | D:11     | Lost mutation: You do not regenerate when monsters are
                  | visible. [potion of mutation]
 94833 | D:11     | Gained mutation: You sometimes lose your temper in combat.
                  | [potion of mutation]
 94833 | D:11     | Gained mutation: Your mind is acute. (Int +4, Str/Dex -1)
                  | [potion of mutation]
 95032 | Slime:2  | Gained mutation: You are frail. (-10% HP) [a shining eye]
 95037 | Slime:2  | Gained mutation: You are occasionally teleported next to
                  | monsters. [a shining eye]
 95038 | Slime:2  | Gained mutation: You have an uncontrollable temper. [a
                  | shining eye]
 95324 | Slime:3  | Paralysed by a great orb of eyes for 3 turns
 95332 | Slime:3  | Gained mutation: Your magical capacity is low. (-10% MP) [a
                  | shining eye]
 95343 | Slime:3  | Reached skill level 10 in Polearms
 95780 | Slime:4  | Lost mutation: Your mind is acute. (Int +4, Str/Dex -1) [a
                  | shining eye]
 95788 | Slime:4  | Gained mutation: Your magical capacity is very low. (-20%
                  | MP) [a shining eye]
 95789 | Slime:4  | Gained mutation: You have hidden genetic defects. [a
                  | shining eye]
 95791 | Slime:4  | Gained mutation: Armour fits poorly on your strangely
                  | shaped body. [a shining eye]
 96005 | Slime:4  | Paralysed by a floating eye for 3 turns
 96014 | Slime:4  | Killed Dissolution
 96014 | Slime:4  | Gained mutation: Your spells are a little easier to cast,
                  | but a little less powerful. [a shining eye]
 96017 | Slime:4  | Gained mutation: Your body sometimes deteriorates upon
                  | taking damage. [a shining eye]
 96278 | Slime:5  | Gained mutation: You are very frail. (-20% HP) [a shining
                  | eye]
 96434 | Slime:5  | Found a viscous altar of Jiyva.
 96939 | Spider:4 | Lost mutation: You are occasionally teleported next to
                  | monsters. [potion of mutation]
 96939 | Spider:4 | Lost mutation: You have hidden genetic defects. [potion of
                  | mutation]
 96939 | Spider:4 | Lost mutation: Armour fits poorly on your strangely shaped
                  | body. [potion of mutation]
 97240 | Elf:2    | Lost mutation: Your system is resistant to poisons. (rPois)
                  | [potion of mutation]
 97240 | Elf:2    | Lost mutation: Your body sometimes deteriorates upon taking
                  | damage. [potion of mutation]
 97240 | Elf:2    | Lost mutation: You are very frail. (-20% HP) [potion of
                  | mutation]
 97240 | Elf:2    | Gained mutation: You are somewhat resistant to further
                  | mutation. [potion of mutation]
 97241 | Elf:2    | Lost mutation: You passively map a small area around you.
                  | [potion of mutation]
 97241 | Elf:2    | Lost mutation: Your magical capacity is very low. (-20% MP)
                  | [potion of mutation]
 97241 | Elf:2    | Lost mutation: You are frail. (-10% HP) [potion of
                  | mutation]
 97687 | Depths:4 | Lost mutation: You are somewhat resistant to further
                  | mutation. [potion of mutation]
 97687 | Depths:4 | Lost mutation: You have an uncontrollable temper. [potion
                  | of mutation]
 97687 | Depths:4 | Gained mutation: Your magical capacity is very low. (-20%
                  | MP) [potion of mutation]
 97687 | Depths:4 | Gained mutation: You are robust. (+10% HP) [potion of
                  | mutation]
 97750 | Zot:1    | Entered Level 1 of the Realm of Zot
 99128 | Vaults:5 | Bought a scroll of enchant weapon for 112 gold pieces
 99143 | Vaults:5 | Bought a scroll of enchant weapon for 82 gold pieces
100580 | Slime:5  | Killed the Royal Jelly
100782 | Slime:5  | Acquired the +3 pair of gauntlets of War {Slay+5}
100782 | Slime:5  | Found the +3 pair of gauntlets of War {Slay+5}
100940 | Slime:5  | Got Sif Muna's Essays on Translocated Changing
100955 | Slime:5  | Identified the +0 plate armour of Somewhere Else {+Blink
                  | rC+}
100983 | Slime:5  | Got a slimy rune of Zot
101007 | Slime:5  | Got the Tractate on Virulent Glamour
101152 | Slime:5  | Identified the +1 arbalest of the Endless Souls {freeze,
                  | rF+++ Int+3 Dex-4}
101529 | Hell     | Entered the Vestibule of Hell
101529 | Hell     | Noticed Geryon
103464 | Depths:1 | Reached skill level 5 in Staves
105321 | Hell     | Gained mutation: You occasionally lose the ability to drink
                  | potions when taking damage. [a cacodemon]
105981 | Depths:1 | Gained mutation: You are resistant to unholy torment.
                  | [demonic ancestry]
105981 | Depths:1 | Reached XP level 26. HP: 232/239 MP: 35/36
106429 | Hell     | Reached skill level 15 in Polearms
108310 | Hell     | Killed Geryon
108480 | Hell     | Found a gateway to the decaying netherworld of Tartarus.
108567 | Hell     | Found a gateway to the ashen valley of Gehenna.
108600 | Hell     | Found a gateway to the Iron City of Dis.
108788 | Hell     | Found a gateway to the freezing wastes of Cocytus.
111868 | Zot:3    | Noticed a dread lich
112224 | Depths:4 | Killed Vv
113816 | Zot:2    | Killed a dread lich
115591 | Zot:3    | Reached skill level 10 in Armour
116183 | Zot:3    | Noticed an orb of fire
116192 | Zot:3    | Killed an orb of fire
116810 | Zot:1    | Lost mutation: You occasionally lose the ability to drink
                  | potions when taking damage. [potion of mutation]
116810 | Zot:1    | Lost mutation: You have a pair of small horns on your head.
                  | [potion of mutation]
116810 | Zot:1    | Gained mutation: You are resistant to electric shocks.
                  | (rElec) [potion of mutation]
117114 | Vaults:3 | Lost mutation: You are robust. (+10% HP) [potion of
                  | mutation]
117114 | Vaults:3 | Lost mutation: You are resistant to electric shocks.
                  | (rElec) [potion of mutation]
117114 | Vaults:3 | Gained mutation: You are robust. (+10% HP) [potion of
                  | mutation]
117264 | D:14     | Bought a +0 helmet of intelligence for 172 gold pieces
117439 | Vaults:5 | Bought a scroll of enchant armour for 105 gold pieces
117710 | Orc:2    | Bought Jutaer's Essays on Petrous Bewitchment for 608 gold
                  | pieces
117717 | Orc:2    | Learned a level 6 spell: Iron Shot
118025 | Zig:1    | Entered Level 1 of a ziggurat
118046 | Zig:2    | Entered Level 2 of a ziggurat
118232 | Zig:3    | Entered Level 3 of a ziggurat
118247 | Zig:3    | Reached skill level 1 in Earth Magic
118256 | Zig:3    | Gained mutation: You can hurl damnation. [demonic ancestry]
118256 | Zig:3    | Reached XP level 27. HP: 144/246 MP: 11/36
118462 | Zig:4    | Entered Level 4 of a ziggurat
118697 | Zig:5    | Entered Level 5 of a ziggurat
118703 | Zig:5    | Noticed Pushreun the pandemonium lord
118718 | Zig:5    | Killed Pushreun the pandemonium lord
118719 | Zig:5    | Paralysed by accursed screaming for 1 turns
119199 | Zig:6    | Entered Level 6 of a ziggurat
119416 | Zig:6    | Identified the ring "Zucor" {rF++ rC+ rCorr}
119567 | Zig:7    | Entered Level 7 of a ziggurat
119620 | Zig:7    | Identified the +8 shortbow of the Destroying Gods {speed,
                  | rF+ Str+2}
119621 | Zig:7    | Identified the +3 leather armour of Duty {Rampage rElec}
119799 | Zig:8    | Entered Level 8 of a ziggurat
119809 | Zig:8    | Noticed a dread lich
119816 | Zig:8    | Noticed an ancient lich
119823 | Zig:8    | Killed a dread lich
119828 | Zig:8    | Killed an ancient lich
119843 | Zig:8    | Identified the +3 hand axe of Kindness {flame, rElec}
119844 | Zig:8    | Identified the +3 mace of Dawn {venom, Drain rN++ Stlth+}
120295 | Zig:9    | Entered Level 9 of a ziggurat
120320 | Zig:9    | Reached skill level 5 in Earth Magic
120693 | Zig:9    | Lost mutation: Your spells are a little easier to cast, but
                  | a little less powerful. [potion of mutation]
120693 | Zig:9    | Lost mutation: Your magical capacity is very low. (-20% MP)
                  | [potion of mutation]
120693 | Zig:9    | Lost mutation: You are robust. (+10% HP) [potion of
                  | mutation]
120694 | Zig:9    | Lost mutation: You sometimes lose your temper in combat.
                  | [potion of mutation]
120694 | Zig:9    | Lost mutation: Your magical capacity is low. (-10% MP)
                  | [potion of mutation]
120694 | Zig:9    | Gained mutation: You are clumsy. (Dex -2) [potion of
                  | mutation]
120694 | Zig:9    | Gained mutation: You are covered in fur. (AC +1) [potion of
                  | mutation]
120694 | Zig:9    | Gained mutation: Your muscles are strong. (Str +4, Int/Dex
                  | -1) [potion of mutation]
120694 | Zig:9    | Gained mutation: You have a pair of small horns on your
                  | head. [potion of mutation]
120891 | Zig:10   | Entered Level 10 of a ziggurat
120900 | Zig:10   | Noticed Jeesekoy the pandemonium lord
121877 | Pan      | Entered Pandemonium
122235 | Pan      | Noticed Saoshat the pandemonium lord
122258 | Pan      | Killed Saoshat the pandemonium lord
124765 | Pan      | Reached skill level 15 in Conjurations
126189 | Pan      | Noticed Mennas
126290 | Pan      | Killed Mennas
126927 | Pan      | Noticed Dahimye the pandemonium lord
126964 | Pan      | Killed Dahimye the pandemonium lord
128378 | Pan      | Got a demonic rune of Zot
129425 | Pan      | Noticed Ubbubbac the pandemonium lord
129468 | Pan      | Killed Ubbubbac the pandemonium lord
129481 | Pan      | HP: 7/224 [hell beast[the player character] (13)]
130380 | Pan      | Reached skill level 10 in Earth Magic
130569 | Pan      | Reached skill level 15 in Shields
131097 | Pan      | Found an exit through the horrors of the Abyss.
131600 | Pan      | Reached skill level 21 in Fighting
131600 | Pan      | Gained mutation: You are dopey. (Int -2) [a cacodemon]
132047 | Pan      | Noticed Mereung the pandemonium lord
132073 | Pan      | Killed Mereung the pandemonium lord
132554 | Pan      | Reached skill level 22 in Fighting
132597 | Pan      | Slain by a demonspawn warmonger

Illustrated notes

Levels and vault maps discovered:
D:1:      dpeg_arrival_stone_temple_mockup, layout_basic,
          minmay_misc_feat_roman, minmay_misc_feat_room
D:2:      layout_rooms, hangedman_decor_peaks_small, uniq_robin
D:3:      layout_loops_cross, cheibriados_altar_2, mainiacjoe_overflow_paths,
          ebering_ecumenical_altar_box, dk_noncrumbling_4
D:4:      layout_basic, worldfamousw_hep_ancestral_shrine,
          minmay_a_box_with_orc_wizards_in_it, uniq_duvessa
D:5:      layout_basic
D:6:      nicolae_cairo_tiling_large_dashed, layout_layer_cave,
          makhleb_heckhound_becter, mainiacjoe_overflow_six_doors_small,
          minmay_temple_entry_from_below_a, serial_glass, glass_columns_a,
          glass_columns_a, glass_columns_c, glass_columns_a, glass_columns_c,
          glass_columns_b
D:7:      layout_basic, palyth_temple_overflow_mages,
          gammafunk_temple_overflow_claw, mainiacjoe_overflow_alcove_1,
          amcnicky_mini_corridor_feature, minmay_fire_ice_demons
D:8:      layout_layer_cave
D:9:      layout_cave_pools, enter_bailey_3, st_stairs_1, uniq_pikel
D:10:     cheibrodos_two_vegetables, layout_loops_corners, uniq_harold
D:11:     layout_basic, lair_entry_dummy, hiddenorc1_lemuel,
          gauntlet_entry_generic, tso_oasis_becter, uniq_urug, uniq_josephine,
          uniq_snorg, uniq_lodul
D:12:     layout_stronghold, nicolae_elemental_shop, uniq_rupert
D:13:     layout_cross, david_vaults_3,
          nicolae_gozag_cash_rules_everything_around_me, uniq_maurice
D:14:     layout_layer_cave, serial_shops, shop, corexii_leaking_fountain,
          gammafunk_ghost_necromancy, kennysheep_small_square
D:15:     gammafunk_depths_entry_grave, layout_loops_corners,
          doesnt_xom_only_xom
Lair:1:   layout_cave_pods, lemuel_fruit_fields, uniq_fannar
Lair:2:   cheibrodos_lair_overgrown_chateau, layout_hall_layers,
          infiniplex_staircase_pool_2
Lair:3:   layout_regular_city, skrybe_swamp_entry_bodies,
          portal_ice_cave_entry_imps, serial_bayou_lagoon_a,
          nzn_sisyphean_effort, serial_bayou_shore_b, serial_bayou_shore_b
Lair:4:   layout_roguey, hellmonk_spider_entry_not_the_bees,
          gammafunk_ghost_icy, minivault_23
Lair:5:   layout_gridlike, lemuel_fruit_fields
Lair:6:   minmay_lair_end_enchanted_forest, layout_cave_pods, slime_entry_1,
          enter_volcano_3, uniq_kirke
Swamp:1:  gammafunk_mikee_crab_dinner, layout_falls_marsh,
          nicolae_swamp_triple_paths
Swamp:2:  layout_basic_swamp, nicolae_swamp_well_well_well
Swamp:3:  layout_falls_marsh, evilmike_swamp_ruin_rubble_1, swamp_pool1,
          grunt_hermit_hut
Swamp:4:  swamp_alternative, layout_basic_swamp, uniq_mlioglotl, uniq_donald,
          uniq_aizul
Spider:1: gammafunk_boulding_lane, nicolae_spider_paper_wasps
Spider:2: layout_spider_delve, nicolae_spider_webs_and_nodes
Spider:3: layout_spider_delve
Spider:4: spider_rune_water, hangedman_stitches_earthworm, uniq_arachne
Slime:1:  layout_caves
Slime:2:  layout_caves
Slime:3:  layout_caves, cheibrodos_slime_lost_civilization_5
Slime:4:  layout_caves, uniq_dissolution
Slime:5
Orc:1:    layout_caves, lemuel_statue_altar, minmay_orc_temple_a, uniq_sonja
Orc:2:    pubby_orc_utopia
Elf:1:    minmay_elf_arrival_circle, layout_geoelf_diagonals, enter_trove_0,
          orc_legates, evilmike_ambush [evilmike_ambush_outer_pillars,
          evilmike_ambush_inner_cross]
Elf:2:    elven_hall_of_blades_hangedman_original
          [nicolae_blade_entry_hurt_lockers], layout_gridlike,
          portal_desolation_entry_holy_temple, guppyfry_elf_garden
Elf:3:    minmay_elf_hall_x, layout_geoelf_diagonals, item_on_display_a
Vaults:1: serial_ice_m, v_misc_13, nicolae_vaults_specimen_jars,
          v_alt_pattern_3, hangedman_vaults_river_flow, v_rooms_1,
          ontoclasm_vaults_tryst, ontoclasm_vaults_ring_square,
          ontoclasm_vaults_shuriken, layout_vaults_quadrants
Vaults:2: grunt_vaults_trifunnel, v_misc_5, grunt_vaults_diagonal,
          vaults_mumra_bighexcomb, vaults_room_door_hall,
          nicolae_vaults_puzzle_piece, hangedman_vaults_hat,
          vaults_standard_mumra_lines, nicolae_vaults_little_squares_1,
          layout_vaults_maze_snakey
Vaults:3: minmay_crypt_entry_necro_gods, v_misc_14, v_rooms_3,
          vaults_mumra_minichess, st_octagons_1,
          nicolae_vaults_twisting_passages, vaults_room_corners,
          vaults_dpeg_diagonal, v_misc_5, vaults_room_hallway,
          nicolae_vaults_little_squares_5, layout_vaults_big_cross,
          serial_shops, shop, serial_glass, uniq_margery
Vaults:4: ebering_ghost_inner_flame, v_misc_13, hangedman_vaults_restitches,
          grunt_vaults_focal, v_misc_25, v_alt_pattern_2,
          nicolae_vaults_know_your_exits, ontoclasm_vaults_ligature,
          vaults_room_grunt_arrival_checkpoint, grunt_vaults_funnel, v_rooms_4,
          vaults_standard_mumra_x, vaults_dpeg_encased_lava,
          nicolae_vaults_little_ls, ontoclasm_vaults_gateway,
          layout_vaults_omnibox, serial_shops, nicolae_shop_stone
Vaults:5: serial_shops
Crypt:1:  layout_gridlike, ebering_dispersal_statue_hall,
          lemuel_mausoleum_altar_kikubaaqudgha, grunt_megastairs_5
Crypt:2:  layout_misc_corridors
Crypt:3:  lightli_unholy_cathedral, layout_chaotic_city, nzn_ghost_randoct
Depths:1: layout_cave_shapes, rand_demon_pan_entry_1, hangedman_geh_valley,
          chequers_big_river, mu_enter_wizlab_1, st_stairs_11,
          minmay_swirly_circle, firewood_loft
Depths:2: gold_lair_mu, layout_honeycomb, hellmouth_1, minmay_misc_feat_x,
          abyss_entry, pan_entry, infiniplex_staircase_zigzag_1
Depths:3: minmay_two_paths, layout_twisted_cross, ziggurat_fallback,
          serial_shops, bzr_entry_safe, hangedman_decor_lopped,
          nicolae_abyss_entry_one_way_or_another, hell_entry
Depths:4: evilmike_zot_entry_diamond, layout_gridville, hell_entry,
          serial_shops, nicolae_shop_bloodbath_and_beyond, drop_trap,
          minmay_shop_star, uniq_boris, uniq_grunn, uniq_xtahua, uniq_vv
Hell
Zot:1:    lemuel_acid_trip, layout_onion_interference
Zot:2:    kennysheep_blocky_room, layout_twisted_circle, lemuel_elevator
Zot:3:    ebering_klown_carousel, layout_cellular_growth, grunt_megastairs_4
Pan:      grunt_pan_spiral, layout_stronghold, grunt_pan_frozen_over,
          layout_chambers, uniq_mennas_pan, nicolae_pan_sigil_eeng,
          evilmike_mini_pan_corridor, layout_chambers, rand_demon_2,
          layout_irregular_city

Skill      XL: |  1  2  3  4  5  6  7  8  9 10 11 12 13 14 15 16 17 18 19 20 21 22 23 24 25 26 27 |
---------------+----------------------------------------------------------------------------------+-----
Stealth        | 2 5 |  5.5
Dodging        | 2 5 6 9 10 | 10.0
Ice Magic      | 4 5 6 7 8 10 | 10.0
Maces & Flails | 1 2 |  2.8
Short Blades   | 4 6 11 12 14 | 14.0
Invocations    | 4 8 12 18 21 | 21.0
Fighting       | 5 10 12 15 16 20 22 | 22.2
Hexes          | 3 6 10 | 10.0
Conjurations   | 6 10 11 15 | 15.0
Spellcasting   | 4 5 6 10 15 18 | 18.0
Translocations | 1 6 |  6.0
Evocations     | 6 8 10 | 10.0
Shields        | 5 9 10 11 15 | 15.0
Air Magic      | 1 4 5 9 10 | 10.9
Armour         | 1 5 10 | 10.7
Poison Magic   | 3 5 |  5.0
Ranged Weapons | 3 5 10 14 | 14.0
Necromancy     | 4 8 10 | 10.0
Polearms       | 1 14 17 | 17.4
Staves         | 7 |  7.3
Earth Magic    | 1 10 | 10.0

Action                   |  1- 3 |  4- 6 |  7- 9 | 10-12 | 13-15 | 16-18 | 19-21 | 22-24 | 25-27 || total
-------------------------+-------+-------+-------+-------+-------+-------+-------+-------+-------++-------
Melee: Unarmed           |     3 |       |       |       |       |       |       |       |       ||     3
       Whip              |    60 |    62 |    27 |       |       |       |       |       |       ||   149
       Dagger            |     2 |       |   148 |       |       |       |       |       |       ||   150
       Punch             |     1 |     2 |    10 |     7 |     9 |       |       |       |       ||    29
       Kick              |       |    13 |    43 |       |       |       |   282 |  1079 |  1152 ||  2569
       Rapier            |       |       |   171 |   762 |  1218 |  1480 |   911 |  1703 |  1502 ||  7747
       Headbutt          |       |       |       |       |       |       |   241 |   665 |   632 ||  1538
       Glaive            |       |       |       |       |       |       |       |       |   325 ||   325
       Lajatang          |       |       |       |       |       |       |       |       |    40 ||    40
 Fire: Sling             |       |       |       |       |       |    22 |     7 |    88 |   630 ||   747
Throw: Boomerang         |       |       |     2 |       |     2 |       |     1 |       |       ||     5
       Throwing net      |       |       |       |     5 |     2 |       |       |     1 |       ||     8
       Javelin           |       |       |       |       |     1 |     1 |     1 |     1 |     1 ||     5
       Dart              |       |       |       |       |     1 |     1 |       |       |       ||     2
 Cast: Freeze            |    40 |    36 |     9 |       |       |       |       |     2 |       ||    87
       Frozen Ramparts   |       |     7 |    14 |    31 |    35 |    24 |    18 |    10 |     9 ||   148
       Ozocubu's Armour  |       |     1 |     5 |    10 |    11 |     7 |     3 |     9 |     5 ||    51
       Hailstorm         |       |       |       |     2 |    23 |    22 |    34 |    42 |    24 ||   147
       Iskenderun's Myst |       |       |       |       |     3 |     8 |     6 |    11 |    30 ||    58
       Ensorcelled Hiber |       |       |       |       |     2 |     9 |     2 |       |       ||    13
       Tukima's Dance    |       |       |       |       |     1 |       |     4 |       |       ||     5
       Airstrike         |       |       |       |       |       |       |    42 |    39 |    15 ||    96
       Mephitic Cloud    |       |       |       |       |       |       |    10 |     3 |     2 ||    15
       Lightning Bolt    |       |       |       |       |       |       |     2 |     6 |       ||     8
       Metabolic Englaci |       |       |       |       |       |       |     1 |     9 |     5 ||    15
       Dispel Undead     |       |       |       |       |       |       |       |    30 |    24 ||    54
       Freezing Cloud    |       |       |       |       |       |       |       |     1 |       ||     1
       Anguish           |       |       |       |       |       |       |       |     3 |     2 ||     5
       Vampiric Draining |       |       |       |       |       |       |       |       |     1 ||     1
       Iron Shot         |       |       |       |       |       |       |       |       |    18 ||    18
Invok: Slouch            |       |       |       |    10 |     5 |    11 |    15 |    19 |    29 ||    89
       Bend Time         |       |       |       |     4 |     2 |     1 |     2 |     2 |       ||    11
       Temporal Distorti |       |       |       |     2 |       |     1 |     2 |     6 |     2 ||    13
       Step From Time    |       |       |       |       |       |     1 |       |     5 |     3 ||     9
 Abil: Evoke Blink       |       |       |       |       |       |       |       |     2 |     5 ||     7
       Hurl Damnation    |       |       |       |       |       |       |       |       |     3 ||     3
Evoke: Wand              |       |       |       |     9 |    10 |    54 |     7 |     9 |    18 ||   107
       Condenser vane    |       |       |       |       |       |     3 |     2 |     2 |     4 ||    11
       Tin of tremorston |       |       |       |       |       |     4 |     2 |     3 |     7 ||    16
       Lightning rod     |       |       |       |       |       |       |     6 |     4 |     8 ||    18
       Box of beasts     |       |       |       |       |       |       |       |     2 |     3 ||     5
       Phantom mirror    |       |       |       |       |       |       |       |     1 |     3 ||     4
       Horn of Geryon    |       |       |       |       |       |       |       |       |     6 ||     6
  Use: Scroll            |     3 |     7 |     8 |    16 |    12 |    19 |    17 |    20 |    29 ||   131
       Potion            |       |     2 |     4 |     7 |     4 |    17 |    11 |    16 |    39 ||   100
 Stab: Sleeping          |     2 |       |     7 |    16 |    25 |    14 |    18 |    10 |     2 ||    94
       Held in net/web   |       |       |       |     3 |     1 |     1 |       |       |       ||     5
       Distracted        |       |       |       |       |     5 |    10 |     2 |     4 |    14 ||    35
       Confused          |       |       |       |       |       |     1 |     6 |     1 |     1 ||     9
       Invisible         |       |       |       |       |       |       |     3 |       |       ||     3
Armor: Robe              |    21 |    27 |   123 |   181 |    18 |       |       |       |       ||   370
       Steam dragon scal |       |       |       |       |   178 |       |       |       |       ||   178
       Troll leather arm |       |       |       |       |   120 |   151 |       |       |       ||   271
       Ring mail         |       |       |       |       |       |    45 |       |       |       ||    45
       Scale mail        |       |       |       |       |       |   298 |   255 |   355 |   641 ||  1549
       Gold dragon scale |       |       |       |       |       |       |       |       |   143 ||   143
Dodge: Dodged            |    68 |    61 |   258 |   603 |   872 |   960 |   524 |  1003 |  2054 ||  6403
       Repelled          |       |       |     2 |     5 |    13 |    17 |    17 |    18 |       ||    72
Block: Buckler           |       |       |       |       |   241 |   696 |    73 |   407 |       ||  1417
       Kite shield       |       |       |       |       |       |       |   681 |   391 |  1534 ||  2606

Table legend: (Time is in decaauts)
 A = Elapsed time spent in this place.
 B = Non-inter-level travel time spent in this place.
 C = Inter-level travel time spent in this place.
 D = Time resting spent in this place.
 E = Time spent auto-exploring this place.
 F = Levels seen in this place.
 G = Mean time per level.
                   A        B        C        D        E       F      G
               +--------+--------+--------+--------+--------+-----+--------+
         Total | 176846 | 153896 |  22950 |  56780 |  55134 |  71 | 2490.8 |
       Dungeon |  38000 |  32323 |   5677 |   9806 |  15408 |  15 | 2533.3 |
          Lair |  17411 |  13511 |   3900 |   3581 |   6037 |   6 | 2901.8 |
         Swamp |   7852 |   7095 |    757 |   2448 |   2226 |   4 | 1963.0 |
   Spider Nest |  10956 |   9838 |   1118 |   3817 |   2322 |   4 | 2739.0 |
    Slime Pits |   3962 |   3959 |      3 |   1912 |      0 |   5 |  792.4 |
  Orcish Mines |   6919 |   5404 |   1515 |   1877 |   2359 |   2 | 3459.5 |
   Elven Halls |   8437 |   7440 |    997 |   1367 |   2911 |   3 | 2812.3 |
        Vaults |  20270 |  17093 |   3177 |   5256 |   7629 |   5 | 4054.0 |
         Crypt |  11270 |   9436 |   1834 |   3507 |   2881 |   3 | 3756.7 |
        Depths |  22616 |  19348 |   3268 |  11496 |   4935 |   4 | 5654.0 |
          Hell |   1332 |   1310 |     22 |      0 |    723 |   1 | 1332.0 |
           Zot |   9142 |   8466 |    676 |   3663 |   2145 |   3 | 3047.3 |
         Abyss |    330 |    330 |      0 |    145 |      0 |   1 |  330.0 |
   Pandemonium |  13592 |  13592 |      0 |   4730 |   5415 |   4 | 3398.0 |
      Ziggurat |   3093 |   3093 |      0 |   2338 |      0 |  10 |  309.3 |
        Bailey |   1656 |   1656 |      0 |    832 |    139 |   1 | 1656.0 |
               +--------+--------+--------+--------+--------+-----+--------+

Top non-repeatable levels by time:
Depths:1: 11507 daAuts
   Orc:2: 5783 daAuts
Vaults:4: 5261 daAuts
    D:12: 4876 daAuts
    D:11: 4676 daAuts
Vaults:3: 4665 daAuts
Vaults:1: 4574 daAuts
 Crypt:1: 4519 daAuts
Spider:4: 4482 daAuts
    D:15: 4294 daAuts
Depths:2: 4226 daAuts
    D:14: 4049 daAuts
 Crypt:3: 4042 daAuts
Depths:4: 3982 daAuts
   Elf:3: 3661 daAuts
